 Dungeon Crawl Stone Soup version 0.30-a0-1016-gfb0d676c02 (webtiles) character file.

Game seed: 4957169200406224639

189 rocky1 the Covered (level 5, -5/47 HPs)
             Began as a Minotaur Fighter on Apr 5, 2023.
             Killed from afar by Blork the orc (10 damage)
             ... with a bolt of dispelling energy
             ... on level 4 of the Dungeon on Apr 7, 2023.
             The game lasted 00:04:09 (2151 turns).

rocky1 the Covered (Minotaur Fighter)               Turns: 2151, Time: 00:04:09

Health: -5/47      AC:  8    Str: 23    XL:     5   Next: 40%
Magic:  4/4        EV:  9    Int:  5    God:
Gold:   178        SH:  4    Dex:  9    Spells: 4/4 levels left

rFire   . . .      SeeInvis .    a - +0 trident
rCold   . . .      Faith    .    c - +0 buckler
rNeg    . . .      Spirit   .    b - +0 scale mail
rPois   .          Reflect  .    (helmet restricted)
rElec   .          Rampage  .    w - +0 cloak
rCorr   .                        (no gloves)
Will    .....                    (no boots) Stlth
                                 (no amulet)
HPRegen 0.27/turn                (no ring)
MPRegen 0.09/turn                (no ring)

@: no status effects
A: horns 2, retaliatory headbutt
a: no special abilities


You were on level 4 of the Dungeon.
You visited 1 branch of the dungeon, and saw 4 of its levels.

You collected 178 gold pieces.

Inventory:

Hand Weapons
 a - a +0 trident (weapon)
 u - a +0 hammer of holy wrath
Missiles
 p - 2 poisoned darts (quivered)
Armour
 b - a +0 scale mail (worn)
 c - a +0 buckler (worn)
 w - a +0 cloak (worn)
Jewellery
 k - a +5 ring of evasion
Scrolls
 e - a scroll of fear {unknown}
 f - 3 scrolls of identify {unknown}
 g - a scroll of teleportation {unknown}
 i - a scroll of torment {unknown}
 j - a scroll of brand weapon {unknown}
 l - a scroll of blinking {unknown}
 m - a scroll of magic mapping {unknown}
 o - 2 scrolls of noise {unknown}
Potions
 d - 2 potions of might
 h - 5 potions of mutation {unknown}
 n - a potion of flight {unknown}
 q - a potion of berserk rage {unknown}
 r - 3 potions of heal wounds {unknown}
 s - a potion of brilliance {unknown}
 t - a potion of attraction {unknown}
 v - 2 potions of resistance {unknown}


   Skills:
 + Level 4.6 Fighting
 + Level 4.5 Polearms
 + Level 4.8 Armour
 + Level 1.2 Dodging
 + Level 0.1 Stealth
 + Level 4.2 Shields


You had 4 spell levels left.
You didn't know any spells.
Your spell library contained the following spells:

 Spells                   Type           Power      Damage    Failure   Level
 Sublimation of Blood     Necr           0%         N/A       95%         2
 Vhi's Electric Charge    Tloc/Air       0%         N/A       99%         3
 Petrify                  Tmut/Erth      0%         N/A       100%        4
 Arcjolt                  Conj/Air       0%         1d10      100%        5
 Irradiate                Conj/Tmut      0%         3d11      100%        5
 Maxwell's Capacitive Co  Air            0%         ∞         100%        8


Dungeon Overview and Level Annotations

Branches:
Dungeon (4/15)
 Temple: D:4-7

Altars:
Makhleb

Annotations:
D:4 Blork the orc


Innate Abilities, Weirdness & Mutations

You have a pair of horns on your head.
You reflexively headbutt those who attack you in melee.


Message History

The adder bites you. Blork the orc barely misses you.
You barely miss the adder.
The adder is lightly wounded.
The adder bites you but does no damage.
Blork the orc mumbles some strange words.
Blork the orc seems to speed up.
You hit the adder. Your headbutt misses the adder.
The adder is heavily wounded.
You block the adder's attack.
Blork the orc hits you from afar with a +2 halberd of protection.
The adder bites you but does no damage.
Blork the orc hits you from afar with a +2 halberd of protection.
You are too injured to fight recklessly!
You are too injured to fight recklessly!
You are too injured to fight recklessly!
You are too injured to fight recklessly!
You closely miss the adder. You headbutt the adder.
You kill the adder!
You block Blork the orc's attack.
Reach: a) +0 trident
Press: ? - help, Dir - move target, f/p - Blork the orc
Aim: Blork the orc, wielding a +2 halberd of protection, wearing a +0 robe and carrying a wand of quicksilver (9) (fast, about 39% to evade your +0 trident)
You reach to attack!
You hit Blork the orc but do no damage.
Blork the orc hits you from afar with a +2 halberd of protection.
You block Blork the orc's attack.
Reach: a) +0 trident
Press: ? - help, Dir - move target, f/p - Blork the orc
Aim: Blork the orc, wielding a +2 halberd of protection, wearing a +0 robe and carrying a wand of quicksilver (9) (fast, about 39% to evade your +0 trident)
You reach to attack!
You puncture Blork the orc!
Blork the orc is moderately wounded.
Blork the orc hits you from afar with a +2 halberd of protection.
* * * LOW HITPOINT WARNING * * *
Blork the orc jeers repeatedly.
You block Blork the orc's attack. Blork the orc barely misses you.
You hit Blork the orc.
Blork the orc is moderately wounded.
Blork the orc hits you with a +2 halberd of protection.
* * * LOW HITPOINT WARNING * * *
Blork the orc zaps a wand.
The bolt of dispelling energy hits you!
You die...

..#........#....
.##............. ...#..#
.##............##...#...
..###....†...#.#........
. ###....###..........
#..### ##....?....
##..#####..........
#.....##...†.......
.......#.....$.@o.....#
.......#.#..#........##
......####............#
..##.. ...............
.. ##. ...............#
#................##
............##....
............. ..##


You could see Blork the orc (fast).

Vanquished Creatures
  A phantom (D:4)
  Crazy Yiuf (D:3)
  4 adders
  A dart slug (D:3)
  2 orcs (D:3)
  7 ball pythons
  2 endoplasms
  3 giant cockroaches
  5 goblins
  5 hobgoblins (D:1)
  4 jackals (D:1)
  3 kobolds
  2 quokkas
  3 bats
  2 frilled lizards
  4 rats
49 creatures vanquished.

Notes
Turn   | Place    | Note
-------+----------+-------------------------------------------
     0 | D:1      | rocky1 the Minotaur Fighter began the quest for the Orb.
     0 | D:1      | Reached XP level 1. HP: 19/19 MP: 0/0
   112 | D:1      | Found a faded altar of an unknown god.
   378 | D:1      | Reached XP level 2. HP: 27/27 MP: 1/1
   920 | D:2      | Reached XP level 3. HP: 30/33 MP: 2/2
  1587 | D:3      | Found a burning altar of Makhleb.
  1839 | D:3      | Reached XP level 4. HP: 41/41 MP: 3/3
  1873 | D:3      | Found a runed translucent door.
  1874 | D:3      | Noticed Crazy Yiuf
  1880 | D:3      | Killed Crazy Yiuf
  1881 | D:3      | Reached skill level 1 in Dodging
  1995 | D:4      | Noticed a phantom
  2014 | D:4      | Killed a phantom
  2015 | D:4      | Reached XP level 5. HP: 28/47 MP: 4/4
  2016 | D:4      | Upgraded the game from 0.30-a0-1008-g30c9307041 to
                  | 0.30-a0-1016-gfb0d676c02
  2136 | D:4      | Noticed Blork the orc
  2151 | D:4      | Killed from afar by Blork the orc

Illustrated notes

Levels and vault maps discovered:
D:1:      scummos_arrival_simple_crosswalls, layout_loops_corners,
          shapermc_ecumenical_altar_pompeii
D:2:      layout_loops_ring, minmay_box_of_dots
D:3:      layout_rooms, bloody_makhleb, kennysheep_pointless_box,
          uniq_crazy_yiuf_cottage
D:4:      layout_cave_pools, nicolae_half_adder, uniq_blork_the_orc

Skill      XL: |  1  2  3  4 |
---------------+-------------+-----
Fighting       | 4 |  4.6
Armour         | 4 |  4.8
Polearms       | 3 4 |  4.5
Shields        | 4 |  4.2
Dodging        | 1 |  1.2
Stealth        | |  0.1

Action                     |  1- 3 |  4- 6 || total
---------------------------+-------+-------++-------
  Melee: Trident           |   119 |    42 ||   161
         Headbutt          |     9 |     4 ||    13
 Armour: Scale mail        |    35 |    16 ||    51
  Dodge: Dodged            |    29 |    20 ||    49
  Block: Buckler           |    25 |     9 ||    34

Table legend: (Time is in decaauts)
 A = Elapsed time spent in this place.
 B = Non-inter-level travel time spent in this place.
 C = Inter-level travel time spent in this place.
 D = Time resting spent in this place.
 E = Time spent auto-exploring this place.
 F = Levels seen in this place.
 G = Mean time per level.
                   A        B        C        D        E       F      G
               +--------+--------+--------+--------+--------+-----+--------+
         Total |   2179 |   2128 |     51 |      0 |   1754 |   4 |  544.8 |
       Dungeon |   2179 |   2128 |     51 |      0 |   1754 |   4 |  544.8 |
               +--------+--------+--------+--------+--------+-----+--------+

Top non-repeatable levels by time:
     D:1: 877 daAuts
     D:2: 573 daAuts
     D:3: 567 daAuts
     D:4: 160 daAuts
